 Dungeon Crawl Stone Soup version 0.21-a0-538-gd16b88a (webtiles) character file.

3567 KristoblXynda the Cleaver (level 9, -5/67 HPs)
             Began as a Grey Draconian Gladiator on Dec 16, 2017.
             Was an Elder of Cheibriados.
             Slain by an ogre
             ... wielding a +0 giant spiked club
              (20 damage)
             ... on level 9 of the Dungeon.
             The game lasted 00:17:34 (9260 turns).

KristoblXynda the Cleaver (DrGl)                    Turns: 9260, Time: 00:17:35

Health: -5/67      AC: 16    Str: 28    XL:     9   Next: 84%
Magic:  13/13      EV: 17    Int: 21    God:    Cheibriados [****..]
Gold:   98         SH:  0    Dex: 22    Spells: 8/8 levels left

rFire    . . .     SeeInvis +   a - +1 war axe
rCold    . . .     Gourm    .   (no shield)
rNeg     . . .     Faith    +   (armour unavailable)
rPois    +         Spirit   .   b - +1 hat
rElec    .         Reflect  .   n - +0 cloak
rCorr    .         Harm     .   (no gloves)
MR       .....                  v - +1 pair of boots
Stlth    ++++......             s - amulet of faith
HPRegen  0.21/turn              F - ring of see invisible
MPRegen  0.13/turn              m - ring of poison resistance

@: very slow
A: walk through water, unfitting armour, unbreathing, cold-blooded, AC +12
a: Bend Time, Temporal Distortion, Slouch, Renounce Religion


You were on level 9 of the Dungeon.
You worshipped Cheibriados.
Cheibriados was greatly pleased with you.
You were not hungry.

You visited 2 branches of the dungeon, and saw 10 of its levels.
You also visited: Ossuary.

You collected 293 gold pieces.
You spent 195 gold pieces at shops.

Inventory:

Hand Weapons
 a - a +1 war axe (weapon)
 g - the +8 whip of Experimentation {flame, rPois rC- rN+}
   (You found it on level 6 of the Dungeon)

   It has been specially enchanted to burn those struck by it, causing extra
   injury to most foes and up to half again as much damage against particularly
   susceptible opponents.
   It makes you vulnerable to cold.
   It protects you from poison.
   It protects you from negative energy.
Missiles
 c - 3 throwing nets (quivered)
Armour
 b - a +1 hat (worn)
 n - a +0 cloak (worn)
 p - a +0 buckler
 v - a +1 pair of boots (worn)
Jewellery
 e - an uncursed ring of protection from fire
 m - a ring of poison resistance (right hand)
 s - an amulet of faith (around neck)
 F - a ring of see invisible (left hand)
Wands
 u - a wand of paralysis (16)
 G - a wand of disintegration (7)
Scrolls
 i - 4 scrolls of remove curse
 q - a scroll of immolation
 t - a scroll of fog
 x - a scroll of blinking
 y - 3 scrolls of fear
 A - 3 scrolls of magic mapping
 H - a scroll of amnesia
Potions
 h - a potion of lignification
 k - 6 potions of curing
 l - a potion of resistance
 r - a potion of magic
 z - a potion of berserk rage {unknown}
 B - a potion of agility
 C - a potion of brilliance {unknown}
 D - a potion of mutation
 I - 2 potions of heal wounds
Books
 o - a book of Minor Magic

   Spells                             Type                      Level
   a - Magic Dart                     Conjuration                  1
   b - Blink                          Translocation                2
   c - Call Imp                       Summoning                    2
   d - Slow                           Hexes                        2
   e - Conjure Flame                  Conjuration/Fire             3
   f - Mephitic Cloud                 Conjuration/Poison/Air       3
 w - a book of Cantrips

   Spells                             Type                      Level
   a - Confusing Touch                Hexes                        1
   b - Animate Skeleton               Necromancy                   1
   c - Summon Small Mammal            Summoning                    1
   d - Apportation                    Translocation                1
Comestibles
 d - 6 bread rations
 f - 5 meat rations
 j - 11 chunks of flesh
 J - a royal jelly


   Skills:
 - Level 2.1 Fighting
 + Level 8.2 Axes
 - Level 2.1 Throwing
 - Level 5.5 Dodging
 + Level 7.3 Stealth
 + Level 5.6 Invocations
 + Level 5.1 Evocations


You had 8 spell levels left.
You didn't know any spells.

Dungeon Overview and Level Annotations

Branches:
Dungeon (9/15)             Temple (1/1) D:4
   Lair: D:8-11         Orc: D:9-12

Altars:
Cheibriados
Dithmenos
Elyvilon
Fedhas
Gozag
Hepliaklqana
Kikubaaqudgha
Makhleb
Nemelex Xobeh
Okawaru
Qazlal
Ru
Sif Muna
Trog
Vehumet
Wu Jian
Xom
Yredelemnul
Zin
The Shining One

Shops:
D:7 =


Innate Abilities, Weirdness & Mutations

You can walk through water.
Your dull iron-grey scales are very hard. (AC +12)
You cannot fit into any form of body armour.
You can survive without breathing.
You are cold-blooded and may be slowed by cold attacks.


Message History

Press: ? - help, Shift-Dir - straight line, f/p - two-headed ogre
Aim: a two-headed ogre, wielding two giant spiked clubs (moderately wounded, paralysed, chance to defeat MR: 69%)
The two-headed ogre is blasted.
You slash the ogre!
The ogre is heavily wounded.
The ogre misses you.
You hit the ogre but do no damage.
The ogre is heavily wounded.
The ogre misses you.
You barely miss the ogre.
The ogre is heavily wounded.
You slash the ogre!
The ogre is almost dead.
The ogre hits you with a giant spiked club!
* * * LOW HITPOINT WARNING * * *
You closely miss the ogre.
You tail-slap the ogre, but do no damage.
The ogre is almost dead.
The ogre hits you with a giant spiked club!!
You die...

..............<.
.................
............?.....
. #...............#
c. ##.............#
...#.............#
................#
......O..).O...##
...........)(@..##
.......>.......(##
.................##
................##
...............##
..............##
.............##
............##
...........##


You could see a two-headed ogre (paralysed) and an ogre.

Vanquished Creatures
  2 hippogriffs
  Prince Ribbit (D:6)
  A steam dragon (D:9)
  A water moccasin (D:5)
  2 orc warriors
  2 black bears (D:7)
  A phantom (D:4)
  A necrophage (D:7)
  An ogre (D:9)
  3 centaurs
  A big kobold (D:7)
  2 bullfrogs (D:6)
  A gnoll sergeant (D:6)
  2 scorpions
  8 wights
  A bullfrog zombie (D:5)
  A human zombie (Ossuary)
  3 jellies
  2 quasits (D:6)
  A gnoll shaman (D:8)
  A hound (D:8)
  5 orc wizards
  2 bullfrog skeletons
  A centaur skeleton (D:3)
  Natasha (thrice) (D:3 D:5)
  An iguana (D:8)
  6 worker ants
  A big kobold zombie (Ossuary)
  A hound skeleton (D:5)
  3 mummies (Ossuary)
  A howler monkey skeleton (D:6)
  10 adders
  7 gnolls
  2 oozes
  2 adder zombies (Ossuary)
  2 adder skeletons
  5 worms
  2 dart slugs (D:1)
  2 leopard geckos
  15 orcs
  10 bats
  3 giant cockroaches
  4 hobgoblins
  6 jackals
  5 quokkas
  2 frilled lizards
  5 goblins
  4 goblin zombies (Ossuary)
  4 hobgoblin zombies (Ossuary)
  14 kobolds
  2 kobold zombies (Ossuary)
  A leopard gecko skeleton (D:4)
  A quokka zombie (Ossuary)
  7 rats
  3 rat zombies (Ossuary)
180 creatures vanquished.

Vanquished Creatures (others)
  A phantom (D:9)
  A bullfrog (D:9)
  An orc wizard (D:8)
3 creatures vanquished.

Grand Total: 183 creatures vanquished

Notes
Turn   | Place    | Note
-------+----------+-------------------------------------------
     0 | D:1      | KristoblXynda the Draconian Gladiator began the quest for the Orb.
     0 | D:1      | Reached XP level 1. HP: 17/17 MP: 1/1
   177 | D:1      | Reached XP level 2. HP: 17/24 MP: 2/2
   377 | D:1      | Reached XP level 3. HP: 7/29 MP: 3/3
  1226 | D:2      | Reached skill level 1 in Stealth
  1404 | D:2      | Found a sparkling altar of Nemelex Xobeh.
  2080 | D:3      | Reached XP level 4. HP: 36/36 MP: 4/4
  2188 | D:3      | Reached skill level 4 in Axes
  2321 | D:3      | Noticed Natasha
  2328 | D:3      | Killed Natasha
  2328 | D:3      | Reached XP level 5. HP: 35/41 MP: 5/5
  2458 | D:3      | Found an ancient bone altar of Kikubaaqudgha.
  2476 | D:3      | Noticed Natasha
  2481 | D:3      | Killed Natasha
  3029 | D:4      | Noticed a phantom
  3070 | D:4      | Found a sand-covered staircase.
  3076 | Ossuary  | Entered an ossuary
  3104 | Ossuary  | Reached XP level 6. HP: 29/48 MP: 6/6
  3630 | D:4      | Reached skill level 5 in Axes
  3657 | D:4      | Found a staircase to the Ecumenical Temple.
  3666 | Temple   | Entered the Ecumenical Temple
  3764 | Temple   | Became a worshipper of Cheibriados the Contemplative
  4017 | D:4      | Your scales start taking on a dull iron-grey colour.
  4017 | D:4      | Reached XP level 7. HP: 35/55 MP: 2/7
  4017 | D:4      | Gained mutation: You can survive without breathing. [Grey Draconian growth]
  4190 | D:4      | Found a sacrificial altar of Ru.
  4844 | D:4      | Reached * piety under Cheibriados
  4844 | D:4      | Reached skill level 5 in Dodging
  4899 | D:5      | Entered Level 5 of the Dungeon
  4960 | D:5      | Found a white marble altar of Elyvilon.
  5337 | D:5      | Noticed Natasha
  5355 | D:5      | Killed Natasha
  5355 | D:5      | Reached skill level 6 in Axes
  5527 | D:5      | Reached XP level 8. HP: 61/61 MP: 8/8
  5544 | D:5      | Reached skill level 5 in Stealth
  5748 | D:5      | Reached ** piety under Cheibriados
  5923 | D:6      | Got an iridescent whip
  5924 | D:6      | Identified the +8 whip of Experimentation {flame, rPois rC- rN+} (You found it on level 6 of the Dungeon)
  5952 | D:6      | Reached skill level 1 in Invocations
  5954 | D:6      | Reached skill level 1 in Evocations
  5974 | D:6      | Noticed Prince Ribbit
  5999 | D:6      | Killed Prince Ribbit
  6556 | D:6      | Reached *** piety under Cheibriados
  6722 | D:6      | Reached skill level 7 in Axes
  7450 | D:7      | Reached XP level 9. HP: 67/67 MP: 11/11
  7503 | D:7      | Found a shimmering altar of Xom.
  7624 | D:7      | Found Yfroh's Jewellery Shoppe.
  7632 | D:7      | Bought an uncursed ring of see invisible for 195 gold pieces
  7688 | D:7      | Found a bloodstained altar of Trog.
  8439 | D:8      | Noticed a skeletal warrior
  8440 | D:8      | Noticed a skeletal warrior
  8445 | D:8      | Noticed a skeletal warrior
  8446 | D:8      | Noticed a skeletal warrior
  8602 | D:8      | Reached **** piety under Cheibriados
  9054 | D:9      | Reached skill level 5 in Invocations
  9236 | D:9      | Reached skill level 8 in Axes
  9241 | D:9      | Reached skill level 5 in Evocations
  9251 | D:9      | Noticed a two-headed ogre
  9260 | D:9      | Slain by an ogre

Vault maps used:
D:1:      wheals_arrival_shading, minmay_small_reverse_x
D:2:      kennysheep_crisscross, nemelex_xobeh_ov_fountains_minmay
D:3:      lemuel_crystal_altar, serial_co_window_serial, co_window_paths_a,
          co_window_paths_a, co_window_paths_b, co_window_of_opportunity_a,
          co_window_of_opportunity_a, co_window_2corner, co_window_corner_b,
          co_window_cross_4, co_window_corner_cb, co_window_broadway_c,
          co_window_unsneaky_path_b, co_window_unsneaky_path_d, glass_columns_c,
          glass_columns_b, glass_columns_c, glass_columns_a, uniq_natasha
D:4:      minmay_temple_entry_statues, enter_ossuary_5, minmay_door_square,
          minmay_misc_feat_iff, nicolae_ru_awakened_eye
D:5:      lemuel_doored_altar, first_bread
D:6:      uniq_prince_ribbit1
D:7:      trog_ov_bears_minmay, kennysheep_little_box, serial_shops,
          nicolae_shop_competitors_out_of_business
D:8:      minitemple
Temple:   minmay_temple_bridge_d
Ossuary:  ossuary_minmay_chase

Skill      XL: |  1  2  3  4  5  6  7  8  9 |
---------------+----------------------------+-----
Throwing       | 2 |  2.1
Dodging        | 3 4 5 |  5.5
Stealth        | 1 2 3 4 6 7 |  7.3
Axes           | 4 5 6 7 8 |  8.2
Invocations    | 3 5 |  5.6
Evocations     | 3 5 |  5.1
Fighting       | |  2.1

Action                   |  1- 3 |  4- 6 |  7- 9 || total
-------------------------+-------+-------+-------++-------
Melee: War axe           |   131 |   156 |   366 ||   653
       Tailslap          |     9 |    16 |    85 ||   110
       Whip              |       |       |    13 ||    13
Evoke: Wand              |       |       |    12 ||    12
  Use: Scroll            |     3 |     5 |    14 ||    22
       Potion            |       |     6 |     3 ||     9
 Stab: Sleeping          |     3 |     5 |    11 ||    19
       Paralysed         |       |       |     6 ||     6
  Eat: Chunk             |     4 |     1 |     7 ||    12
       Meat ration       |       |     1 |       ||     1
       Fruit             |       |       |     1 ||     1
       Royal jelly       |       |       |     1 ||     1
Armor: Skin              |    51 |    43 |   234 ||   328
Dodge: Dodged            |   108 |   120 |   383 ||   611

Table legend:
 A = Spawn XP
 B = Non-spawn XP
 C = Spawn XP percentage of total XP
 D = Spawn monster count
 E = Non-spawn monster count
 F = Spawn count percentage of total count
 G = Total turns spent on level
                    A         B        C        D         E        F      G
               +---------+---------+-------+---------+---------+-------+---------
         Total |       0 |    5096 |   0.0 |       0 |     183 |   0.0 |  9260
               +---------+---------+-------+---------+---------+-------+---------
           D:1 |       0 |      53 |   0.0 |       0 |      25 |   0.0 |  1191
           D:2 |       0 |      32 |   0.0 |       0 |      11 |   0.0 |   596
           D:3 |       0 |     167 |   0.0 |       0 |      21 |   0.0 |  1214
           D:4 |       0 |     582 |   0.0 |       0 |      18 |   0.0 |  1196
           D:5 |       0 |     560 |   0.0 |       0 |      20 |   0.0 |   997
           D:6 |       0 |    1086 |   0.0 |       0 |      27 |   0.0 |  1525
           D:7 |       0 |    1109 |   0.0 |       0 |      18 |   0.0 |   993
           D:8 |       0 |     440 |   0.0 |       0 |      13 |   0.0 |   636
           D:9 |       0 |     916 |   0.0 |       0 |       9 |   0.0 |   210
       Ossuary |       0 |     151 |   0.0 |       0 |      21 |   0.0 |   530
               +---------+---------+-------+---------+---------+-------+---------
